Map: [ESL] Equilibrium

Players

MaxPax - Winner!

  • Race: Protoss Protoss
  • Spawn Location: 1:00

Gerald

  • Race: Protoss Protoss
  • Spawn Location: 11:00

Event: ESL SC2 Masters 2023 Winter (Regional)

VOD

Have the link to the VOD?

Description

Time

  • Played on: Oct. 28, 2023, 12:29 p.m.
  • Length: 8:08

All games in this series

Show
View Real Time Build Order
Export as new Build Order

MaxPax Protoss - Winner!

Build Orders: Oracle Opening, Phoenix Opening 

Get SALT Encoding   

  12  0:00  Probe  
  13  0:12  Probe  
  14  0:19  Pylon  
  14  0:24  Probe  
  15  0:37  Probe (Chrono Boost)  
  15  0:39  Gateway  
  16  0:48  Assimilator, Probe (Chrono Boost)  
  17  0:53  Probe (Chrono Boost)  
  17  0:56  Assimilator  
  18  1:03  Probe (Chrono Boost)  
  19  1:04  Pylon  
  19  1:12  Probe (Chrono Boost)  
  19  1:18  Probe  
  21  1:26  Cybernetics Core  
  21  1:30  Probe  
  21  1:32  Zealot  
  24  1:42  Probe  
  26  1:54  Probe  
  26  2:02  Adept  
  26  2:05  Stargate  
  28  2:21  Warp Gate, Pylon  
  28  2:32  Stalker  
  30  2:38  Nexus  
  29  2:45  Shield Battery  
  29  2:51  Oracle (Chrono Boost)  
  33  2:58  Probe  
  33  3:07  Shield Battery  
  33  3:10  Probe  
  34  3:20  Phoenix (Chrono Boost)  
  34  3:25  Probe  
  37  3:37  Probe  
  38  3:46  Phoenix  
  38  3:49  Probe  
  38  3:53  Probe  
  40  4:04  Probe  
  41  4:11  Probe  
  41  4:12  Twilight Council  
  41  4:15  Stalker  
  45  4:17  Probe (Chrono Boost)  
  45  4:23  Probe (Chrono Boost)  
  46  4:25  Pylon  
  46  4:29  Probe (Chrono Boost)  
  47  4:32  Probe (Chrono Boost)  
  47  4:34  Probe (Chrono Boost)  
  49  4:39  Probe  
  49  4:40  Stalker  
  49  4:43  Probe  
  53  4:51  Probe  
  54  4:53  Gateway  
  54  4:56  Probe  
  53  5:01  Phoenix  
  53  5:03  Blink (Chrono Boost), Probe  
  56  5:08  Probe  
  56  5:13  Gateway, Assimilator  
  57  5:22  Probe  
  57  5:25  Robotics Facility  
  57  5:26  Pylon  
  58  5:36  Gateway  
  58  5:38  Stalker  
  58  5:40  Pylon  
  60  5:47  Nexus  
  58  6:00  Probe x2  
  60  6:10  Stalker x3  
  66  6:12  Probe  
  66  6:13  Observer (Chrono Boost)  
  66  6:21  Probe  
  66  6:25  Shield Battery  
  67  6:28  Pylon  
  67  6:30  Stalker  
  69  6:33  Stalker x3  
  69  6:34  Probe  
  69  6:35  Probe  
  77  6:42  Forge  
  77  6:46  Probe  
  79  6:47  Probe  
  77  6:56  Stalker x2  
  77  6:57  Stalker x2  
  77  6:59  Probe (Chrono Boost)  
  77  7:00  Probe (Chrono Boost)  
  87  7:03  Probe (Chrono Boost)  
  87  7:07  Observer  
  90  7:08  Probe (Chrono Boost)  
  90  7:09  Probe (Chrono Boost)  
  90  7:12  Probe (Chrono Boost)  
  90  7:13  Probe (Chrono Boost)  
  90  7:14  Probe  
  92  7:17  Pylon  
  92  7:22  Probe  
  90  7:31  Stalker x4  
  90  7:35  Assimilator  
  98  7:39  Gateway  
  98  7:42  Gateway  
  98  7:53  Pylon  
  96  7:58  Nexus  
  96  8:00  Photon Cannon  
  96  8:06  Stalker x4  
Show
View Real Time Build Order
Export as new Build Order

Gerald Protoss 

Build Orders: Oracle Opening 

Get SALT Encoding   

  12  0:00  Probe  
  13  0:12  Probe  
  14  0:17  Pylon  
  14  0:24  Probe (Chrono Boost)  
  16  0:37  Gateway, Probe (Chrono Boost)  
  16  0:42  Probe (Chrono Boost)  
  16  0:46  Assimilator  
  17  0:52  Probe  
  18  0:57  Assimilator  
  18  1:04  Probe (Chrono Boost)  
  19  1:08  Gateway  
  19  1:13  Probe (Chrono Boost)  
  20  1:18  Probe (Chrono Boost)  
  20  1:25  Cybernetics Core  
  21  1:30  Probe  
  22  1:42  Probe  
  22  1:44  Pylon  
  23  2:01  Pylon  
  23  2:05  Stargate  
  24  2:09  Adept  
  24  2:11  Probe  
  26  2:18  Pylon  
  26  2:23  Probe, Warp Gate  
  29  2:41  Probe  
  30  2:49  Oracle (Chrono Boost)  
  28  2:56  Pylon  
  31  2:58  Shield Battery  
  31  3:10  Nexus  
  31  3:15  Shield Battery  
  31  3:22  Oracle (Chrono Boost), Shield Battery  
  33  3:36  Probe  
  34  3:42  Twilight Council  
  34  3:48  Probe  
  27  4:08  Probe  
  25  4:15  Pylon  
  28  4:25  Probe x2  
  28  4:29  Blink (Chrono Boost)  
  27  4:35  Shield Battery  
  28  4:39  Stalker  
  31  4:49  Stalker  
  26  5:01  Probe  
  26  5:10  Stalker  
  26  5:12  Stalker  
  29  5:22  Probe  
  29  5:24  Probe  
  29  5:26  Gateway  
  31  5:36  Stalker x2  
  35  5:42  Pylon  
  35  5:48  Probe  
  34  6:08  Stalker x2  
  34  6:09  Probe x2  
  36  6:19  Pylon  
  36  6:21  Probe  
  37  6:32  Stalker x2  
  41  6:38  Shield Battery  
  41  6:39  Probe  
  42  6:46  Stalker  
  43  6:59  Dark Shrine  
  43  7:02  Unknown  
  43  7:04  Probe  
  40  7:11  Stalker  
  38  7:15  Stalker  
  38  7:17  Stalker  
  33  7:32  Shield Battery  
  33  7:39  Stalker  
  33  7:42  Probe  
  36  7:45  Probe  
Tags
 
Add a new tag
Caveats
  • Supply blocks, unpowered buildings, or Contaminate may cause inaccurate times.
  • Supply counts are checked every 10 seconds.